 Dungeon Crawl Stone Soup version 0.31-a0-702-gf82c85558f (webtiles) character file.

Game seed: 5285365499757955508

38767 qw the Marksgargoyle (level 14, -2/94 HPs)
             Began as a Gargoyle Hunter on Sept 7, 2023.
             Was an Elder of Okawaru.
             Slain by a death yak (20 damage)
             ... on level 5 of the Lair of Beasts.
             The game lasted 00:09:04 (13434 turns).

qw the Marksgargoyle (Gargoyle Hunter)             Turns: 13434, Time: 00:09:05

Health: -2/94      AC: 26    Str: 11    XL:     14   Next: 3%
Magic:  15/20      EV: 24    Int: 14    God:    Okawaru [****..]
Gold:   637        SH:  0    Dex: 23    Spells: 13/13 levels left

rFire   + . .        Y - +0 orcbow
rCold   + . .        (shield currently unavailable)
rNeg    + . .        p - +5 robe "Giniuk" {Will+ Str-4 Int+3}
rPois   inf          n - +2 helmet
rElec   +            e - scarf {rC+ rF+}
rCorr   .            (no gloves)
SInv    .            b - +0 pair of boots
Will    ++...        (no amulet)
Stlth   ++++         a - +6 ring of dexterity
HPRegen 0.35/turn    g - +4 ring of protection
MPRegen 0.17/turn

%: no passive effects
@: heroic, finesse-ful, flying
A: sickness immunity, AC +10, big wings, negative energy resistance 1,
electricity resistance, torment resistance 1, petrification resistance
a: Renounce Religion, Heroism, Finesse


You were on level 5 of the Lair of Beasts.
You worshipped Okawaru.
Okawaru was greatly pleased with you.
You visited 3 branches of the dungeon, and saw 14 of its levels.
You also visited: Sewer.

You collected 637 gold pieces.


Innate Abilities, Weirdness & Mutations

You are immune to sickness and miasma.
Your stone body is resilient. (AC +10)
You are immune to poison.
Your large and strong wings let you fly.
You resist negative energy. (rN+)
You are resistant to electric shocks. (rElec)
You are resistant to unholy torment.
You are immune to petrification.


   Skills:
 + Level 13.4(18.4) Fighting
 - Level 16.0(21.0) Ranged Weapons
 - Level 3.1(8.1) Armour
 - Level 9.0(14.0) Dodging
 - Level 1.1(6.1) Stealth
 + Level 9.0 Invocations


You had 13 spell levels left.
You didn't know any spells.
Your spell library was empty.

Inventory:

Hand Weapons
 Y - a +0 orcbow (weapon)
Armour
 b - a +0 pair of boots (worn)
 e - a scarf of resistance (worn)
 n - a +2 helmet (worn)
 p - the +5 robe "Giniuk" (worn) {Will+ Str-4 Int+3}
   (You found it on level 6 of the Dungeon)

   Str-4:     It affects your strength (-4).
   Int+3:     It affects your intelligence (+3).
   Will+:     It increases your willpower.
 q - a +0 cloak
Jewellery
 a - a +6 ring of dexterity (left hand)
 g - a +4 ring of protection (right hand)
Scrolls
 h - 3 scrolls of teleportation
 l - 2 scrolls of identify
Potions
 c - a potion of heal wounds
 d - a potion of might
 f - 6 potions of curing
 i - a potion of mutation
 j - 2 potions of resistance
 k - a potion of cancellation
 m - 3 potions of haste

Dungeon Overview and Level Annotations

Branches:
Dungeon (8/15)             Temple (1/1) D:4            Lair (5/5) D:8
  Swamp (0/4) Lair:3        Snake (0/4) Lair:3        Slime (0/5) Lair:4
  Sewer (visited)

Altars:
Cheibriados
Elyvilon
Fedhas
Gozag
Hepliaklqana
Kikubaaqudgha
Makhleb
Nemelex Xobeh
Okawaru
Qazlal
Sif Muna
Trog
Uskayaw
Vehumet
Wu Jian
Xom
Yredelemnul
Zin
The Shining One
Jiyva

Annotations:
D:5 2 transporters
D:7 1 runed translucent door
Lair:4 exclusion: 2 lindwurms


Message History

The black mamba completely misses you.
The death yak gores you but does no damage.
The death yak barely misses you.
You shoot an arrow.
The arrow hits the black mamba but does no damage.
The black mamba is almost dead.
The black mamba bites you but does no damage.
The death yak barely misses you. The death yak gores you!!
The black mamba misses you.
You shoot an arrow.
The arrow barely misses the black mamba.
The black mamba closely misses you. The death yak gores you!
The death yak barely misses you.
You shoot an arrow. The arrow hits the black mamba!!
You kill the black mamba!
Okawaru accepts your kill.
You can now enter into single combat with a foe.
Okawaru will now gift you equipment as you gain piety.
13427 ||| INVOKING Finesse.
You can now deal lightning-fast blows.
You can no longer enter into single combat with a foe.
Okawaru will no longer gift you equipment.
The death yak gores you! The death yak closely misses you.
You shoot an arrow. The arrow hits the death yak!!
The death yak is moderately wounded.
The death yak completely misses you. The death yak misses you.
You shoot an arrow. The arrow hits the death yak.
The death yak is moderately wounded.
You shoot an arrow.
The arrow hits the death yak but does no damage.
The death yak is moderately wounded.
You shoot an arrow. The arrow barely misses the death yak.
The death yak gores you but does no damage.
The death yak barely misses you.
You shoot an arrow. The arrow barely misses the death yak.
You shoot an arrow. The arrow barely misses the death yak.
You shoot an arrow. The arrow hits the death yak.
The death yak is moderately wounded.
The death yak gores you!! x2
You die...

...# #..# #.. #... #####
#.#...######### #...###
F........#....######.....#
...$.Y%.......%?...#....P#
....Y..##YY....%%%.......##
....... ##@###.####P##...#.
....... ### ### ####.#...
....... #####. .Y..... ##
.Y..... # ....... #


You could see 2 death yaks.

Vanquished Creatures
  A boulder beetle (Lair:5)
  A two-headed ogre (D:8)
  2 death yaks (Lair:5)
  A skyshark (Lair:4)
  2 bog bodies (Lair:3)
  Pikel (D:4)
  4 lindwurms (Lair:4)
  An oklob plant (Lair:5)
  A manticore (D:8)
  10 elephants (Lair:4)
  Joseph (D:7)
  8 black mambas
  A gargoyle (D:8)
  10 cane toads
  3 rime drakes
  6 komodo dragons
  4 polar bears
  Prince Ribbit (D:5)
  34 blink frogs
  28 yaks
  Grum (D:8)
  2 wyverns
  Menkaure (D:7)
  4 vampire mosquitoes (D:7)
  3 wargs (D:8)
  2 swamp worms (Lair:3)
  16 water moccasins
  3 black bears
  2 orc warriors (D:8)
  A sky beast (D:7)
  An ice beast (D:7)
  20 wolves
  A centaur (D:6)
  3 kobold brigands
  9 bullfrogs
  3 scorpions
  A gnoll sergeant (D:6)
  3 wights (D:6)
  13 killer bees (D:8)
  2 electric eels
  A howler monkey (D:6)
  3 hounds
  2 orc priests
  10 jellies
  2 sleepcaps (D:5)
  5 iguanas
  13 orc wizards
  Robin (D:3)
  12 adders
  2 gnolls (D:6)
  3 river rats
  2 shadow imps (D:5)
  2 white imps
  An ufetubus (D:7)
  8 worms
  A dart slug (D:4)
  33 orcs
  5 bats
  15 endoplasms
  5 giant cockroaches
  20 goblins
  9 hobgoblins
  9 jackals
  13 kobolds
  8 quokkas
  5 ball pythons
  3 frilled lizards
  A jackal zombie (D:7)
  10 rats
  A spectral goblin (D:5)
416 creatures vanquished.

Vanquished Creatures (others)
  A sky beast (D:7)
1 creature vanquished.

Grand Total: 417 creatures vanquished

Notes
Turn   | Place    | Note
-------+----------+-------------------------------------------
     0 | D:1      | qw the Gargoyle Hunter began the quest for the Orb.
     0 | D:1      | Reached XP level 1. HP: 12/12 MP: 1/1
     0 | D:1      | 0 ||| qw: Version: 0.3-a-76-g4403597
     0 | D:1      | 0 ||| qw: Game counter: 747
     0 | D:1      | 0 ||| qw: Melee chars always use a shield: true
     0 | D:1      | 0 ||| qw: God list: Okawaru
     0 | D:1      | 0 ||| qw: Allow faded altars: false
     0 | D:1      | 0 ||| qw: Do Orc after clearing Dungeon:15 true
     0 | D:1      | 0 ||| qw: Do second Lair branch before Depths: true
     0 | D:1      | 0 ||| qw: Lair rune preference: random
     0 | D:1      | 0 ||| qw: Goals: Normal
     0 | D:1      | 0 ||| PLANNING D:1-11
   250 | D:1      | Reached XP level 2. HP: 17/17 MP: 2/2
   536 | D:1      | Reached XP level 3. HP: 16/21 MP: 3/3
   740 | D:1      | 740 ||| UPGRADING to ring of see invisible.
   741 | D:1      | 741 ||| READING 3 scrolls labelled DUAQENT COLEH.
   746 | D:1      | 746 ||| READING scroll labelled SETI TIH VUIMO.
   747 | D:1      | 747 ||| READING scroll labelled ACHOEN TEIQE.
   748 | D:1      | 748 ||| READING scroll labelled SOJUEN TEMIR.
   749 | D:1      | 749 ||| DROPPING scroll of butterflies.
   880 | D:2      | Reached skill level 5 in Ranged Weapons
  1298 | D:2      | Reached skill level 3 in Fighting
  1298 | D:2      | Reached XP level 4. HP: 28/28 MP: 4/4
  1465 | D:2      | 1465 ||| UPGRADING to scarf of resistance.
  1470 | D:2      | 1470 ||| UPGRADING to +4 ring of protection.
  1471 | D:2      | 1471 ||| DROPPING ring of wizardry.
  1472 | D:2      | 1472 ||| DRINKING 3 green potions.
  1473 | D:2      | 1473 ||| DRINKING 2 bubbling puce potions.
  1474 | D:2      | 1474 ||| DROPPING 2 potions of brilliance.
  1498 | D:3      | 1498 ||| Stepping ~*~*~tactically~*~*~ (outnumbered).
  1500 | D:3      | 1500 ||| Stepping ~*~*~tactically~*~*~ (outnumbered).
  1502 | D:3      | 1502 ||| STAIRDANCE
  1527 | D:3      | 1527 ||| STAIRDANCE
  1534 | D:3      | 1534 ||| STAIRDANCE
  1548 | D:3      | Noticed Robin
  1549 | D:3      | 1549 ||| STAIRDANCE
  1563 | D:3      | 1563 ||| STAIRDANCE
  1571 | D:3      | 1571 ||| STAIRDANCE
  1612 | D:3      | 1612 ||| STAIRDANCE
  1639 | D:3      | 1639 ||| STAIRDANCE
  1657 | D:3      | Killed Robin
  1662 | D:3      | 1662 ||| STAIRDANCE
  1836 | D:3      | 1836 ||| DROPPING +2 sling of freezing.
  2323 | D:3      | 2323 ||| UPGRADING to +0 helmet.
  2328 | D:3      | 2328 ||| UPGRADING to +0 ring mail.
  2338 | D:3      | 2338 ||| DROPPING +0 leather armour.
  2339 | D:3      | 2339 ||| READING scroll labelled LIAGGE QETHRUDE.
  2340 | D:3      | 2340 ||| READING scroll labelled HASEF LOURADAA.
  2369 | D:4      | 2369 ||| PLANNING OSSUARY
  2384 | D:4      | Reached XP level 5. HP: 32/32 MP: 5/5
  2409 | D:4      | Found a blossoming altar of Fedhas.
  2485 | D:4      | Found a staircase to the Ecumenical Temple.
  2543 | D:4      | Reached skill level 1 in Armour
  2734 | D:4      | Found an ornate altar of the Wu Jian Council.
  2739 | D:4      | Noticed Pikel
  2739 | D:4      | Noticed a lemure
  2739 | D:4      | Noticed a lemure
  2740 | D:4      | 2740 ||| RETREATING.
  2740 | D:4      | Noticed a lemure
  2740 | D:4      | Noticed a lemure
  2752 | D:4      | HP: 8/32 [Pikel/+1 whip of flaming (9)]
  2753 | D:4      | 2753 ||| READING 2 scrolls of teleportation.
  2775 | D:4      | HP: 7/32 [lemure[Pikel] (4)]
  2776 | D:4      | 2776 ||| READING scroll of teleportation.
  2908 | D:4      | Found a snail-covered altar of Cheibriados.
  2923 | D:4      | Reached skill level 6 in Ranged Weapons
  3037 | D:4      | Found a sand-covered staircase.
  3038 | D:4      | 3038 ||| UPGRADING to +2 helmet.
  3048 | D:4      | 3048 ||| DROPPING +0 helmet.
  3049 | D:4      | 3049 ||| READING 2 scrolls labelled DUVUSI TIHUN.
  3050 | D:4      | 3050 ||| READING scroll labelled QAZ URIS LEOH.
  3051 | D:4      | 3051 ||| DRINKING 2 ruby potions.
  3052 | D:4      | 3052 ||| READING 2 scrolls of identify.
  3052 | D:4      | 3052 ||| IDENTIFYING cyan potion
  3053 | D:4      | 3053 ||| DROPPING scroll of vulnerability.
  3062 | D:4      | 3062 ||| RETREATING.
  3074 | D:4      | 3074 ||| Stepping ~*~*~tactically~*~*~ (retreating).
  3081 | D:4      | HP: 5/32 [Pikel/+1 whip of flaming (6)]
  3082 | D:4      | 3082 ||| DRINKING potion of heal wounds.
  3083 | D:4      | 3083 ||| Stepping ~*~*~tactically~*~*~ (retreating).
  3092 | D:4      | Killed Pikel
  3093 | D:4      | Reached XP level 6. HP: 34/44 MP: 6/6
  3093 | D:4      | Reached XP level 7. HP: 37/48 MP: 7/7
  3094 | D:4      | 3094 ||| RIP OSSUARY
  3095 | D:4      | 3095 ||| PLANNING TEMPLE
  3167 | Temple   | Entered the Ecumenical Temple
  3168 | Temple   | 3168 ||| PLANNING D:1-11
  3306 | D:4      | 3306 ||| UPGRADING to +6 ring of dexterity.
  3308 | D:4      | 3308 ||| DROPPING ring of protection from cold.
  3309 | D:4      | 3309 ||| DROPPING ring of see invisible.
  3327 | D:5      | Entered Level 5 of the Dungeon
  3328 | D:5      | 3328 ||| PLANNING SEWER
  3392 | D:5      | Found a transporter.
  3392 | D:5      | Found a transporter.
  3420 | D:5      | Found a hide-covered altar of Uskayaw.
  3532 | D:5      | Reached skill level 7 in Ranged Weapons
  3532 | D:5      | Reached XP level 8. HP: 45/53 MP: 8/8
  3806 | D:5      | Identified the +5 kite shield "Retry" {Harm}
  3910 | D:5      | Found a glowing drain.
  3911 | D:5      | 3911 ||| DROPPING ring of flight.
  3918 | Sewer    | Entered a sewer
  3922 | Sewer    | 3922 ||| Stepping ~*~*~tactically~*~*~ (water).
  3978 | Sewer    | 3978 ||| Stepping ~*~*~tactically~*~*~ (water).
  4006 | Sewer    | 4006 ||| Stepping ~*~*~tactically~*~*~ (water).
  4035 | Sewer    | 4035 ||| Stepping ~*~*~tactically~*~*~ (water).
  4097 | Sewer    | 4097 ||| Stepping ~*~*~tactically~*~*~ (water).
  4113 | Sewer    | Reached skill level 8 in Ranged Weapons
  4220 | Sewer    | 4220 ||| READING scroll labelled XYUXUG IPNA.
  4221 | Sewer    | 4221 ||| DRINKING 2 black potions.
  4222 | Sewer    | 4222 ||| DROPPING potion of invisibility.
  4227 | D:5      | 4227 ||| PLANNING D:1-11
  4491 | D:5      | Found a hazy altar of Hepliaklqana.
  4491 | D:5      | Noticed Prince Ribbit
  4509 | D:5      | HP: 8/53 [Prince Ribbit (8)]
  4510 | D:5      | 4510 ||| READING scroll of teleportation.
  4511 | D:5      | 4511 ||| DRINKING 2 potions of heal wounds.
  4529 | D:5      | Killed Prince Ribbit
  4676 | D:6      | Reached skill level 9 in Ranged Weapons
  4707 | D:6      | Reached skill level 3 in Dodging
  4711 | D:6      | Reached XP level 9. HP: 57/57 MP: 9/9
  5081 | D:6      | Reached skill level 10 in Ranged Weapons
  5206 | D:6      | Identified the +5 robe "Giniuk" {Will+ Str-4 Int+3}
  5261 | D:6      | 5261 ||| UPGRADING to +5 robe "Giniuk" {Will+ Str-4 Int+3}.
  5271 | D:6      | 5271 ||| DROPPING +0 ring mail.
  5272 | D:6      | 5272 ||| DRINKING 3 inky potions.
  5273 | D:6      | 5273 ||| READING 2 scrolls of identify.
  5273 | D:6      | 5273 ||| IDENTIFYING silvery potion
  5327 | D:7      | Noticed Joseph
  5330 | D:7      | 5330 ||| FLEEEEING.
  5331 | D:7      | 5331 ||| RETREATING.
  5334 | D:7      | 5334 ||| FLEEEEING.
  5335 | D:7      | 5335 ||| FLEEEEING.
  5336 | D:7      | 5336 ||| FLEEEEING.
  5337 | D:7      | 5337 ||| FLEEEEING.
  5338 | D:7      | 5338 ||| RETREATING.
  5359 | D:7      | Killed Joseph
  5553 | D:7      | Found a runed translucent door.
  5691 | D:7      | Found a basalt altar of Yredelemnul.
  5729 | D:7      | 5729 ||| RETREATING.
  5732 | D:7      | 5732 ||| Stepping ~*~*~tactically~*~*~ (retreating).
  5733 | D:7      | 5733 ||| Stepping ~*~*~tactically~*~*~ (retreating).
  5734 | D:7      | 5734 ||| Stepping ~*~*~tactically~*~*~ (retreating).
  5735 | D:7      | 5735 ||| Stepping ~*~*~tactically~*~*~ (retreating).
  5751 | D:7      | Reached skill level 11 in Ranged Weapons
  5788 | D:7      | Noticed Menkaure
  5789 | D:7      | 5789 ||| FLEEEEING.
  5800 | D:7      | Killed Menkaure
  5801 | D:7      | Reached XP level 10. HP: 48/64 MP: 10/10
  5873 | D:7      | Found an iron altar of Okawaru.
  5874 | D:7      | 5874 ||| PLANNING OKAWARU WORSHIP
  5874 | D:7      | 5874 ||| UPGRADING to amulet of guardian spirit.
  5879 | D:7      | 5879 ||| READING 3 scrolls of identify.
  5879 | D:7      | 5879 ||| IDENTIFYING smoky silvery potion
  5880 | D:7      | 5880 ||| READING 2 scrolls of identify.
  5880 | D:7      | 5880 ||| IDENTIFYING coppery potion
  5881 | D:7      | 5881 ||| DROPPING potion of ambrosia.
  5889 | D:7      | Became a worshipper of Warmaster Okawaru
  5890 | D:7      | 5890 ||| PLANNING D:1-11
  5890 | D:7      | 5890 ||| REMOVING amulet of guardian spirit.
  6257 | D:7      | Found a shimmering altar of Xom.
  6577 | D:7      | 6577 ||| DROPPING amulet of guardian spirit.
  6578 | D:7      | 6578 ||| READING 2 scrolls of identify.
  6578 | D:7      | 6578 ||| IDENTIFYING red potion
  6579 | D:7      | 6579 ||| DROPPING potion of degeneration.
  6644 | D:8      | 6644 ||| Stepping ~*~*~tactically~*~*~ (outnumbered).
  6684 | D:8      | 6684 ||| RETREATING.
  6685 | D:8      | 6685 ||| Stepping ~*~*~tactically~*~*~ (retreating).
  6685 | D:8      | Found a staircase to the Lair.
  6686 | D:8      | 6686 ||| Stepping ~*~*~tactically~*~*~ (retreating).
  6724 | D:8      | HP: 15/64 [orc priest/divine providence (12)]
  6725 | D:8      | 6725 ||| READING scroll of teleportation.
  6726 | D:8      | 6726 ||| DRINKING potion of heal wounds.
  6824 | D:8      | Noticed a gargoyle
  6840 | D:8      | HP: 11/64 [gargoyle/+0 flail (8)]
  6841 | D:8      | Killed a gargoyle
  6842 | D:8      | Reached skill level 12 in Ranged Weapons
  7033 | D:8      | 7033 ||| Stepping ~*~*~tactically~*~*~ (outnumbered).
  7035 | D:8      | 7035 ||| Stepping ~*~*~tactically~*~*~ (outnumbered).
  7045 | D:8      | Reached * piety under Okawaru
  7153 | D:8      | 7153 ||| RETREATING.
  7160 | D:8      | 7160 ||| Stepping ~*~*~tactically~*~*~ (retreating).
  7164 | D:8      | 7164 ||| Stepping ~*~*~tactically~*~*~ (retreating).
  7168 | D:8      | 7168 ||| Stepping ~*~*~tactically~*~*~ (retreating).
  7169 | D:8      | 7169 ||| Stepping ~*~*~tactically~*~*~ (retreating).
  7176 | D:8      | Reached skill level 1 in Invocations
  7197 | D:8      | Noticed Grum
  7198 | D:8      | 7198 ||| INVOKING Heroism.
  7204 | D:8      | Killed Grum
  7253 | D:8      | Noticed a two-headed ogre
  7254 | D:8      | 7254 ||| INVOKING Heroism.
  7258 | D:8      | Killed a two-headed ogre
  7259 | D:8      | Reached skill level 3 in Invocations
  7273 | D:8      | 7273 ||| INVOKING Heroism.
  7536 | D:8      | 7536 ||| Stepping ~*~*~tactically~*~*~ (retreating).
  7537 | D:8      | 7537 ||| Stepping ~*~*~tactically~*~*~ (retreating).
  7548 | D:8      | 7548 ||| INVOKING Heroism.
  7841 | D:8      | 7841 ||| INVOKING Heroism.
  7852 | D:8      | 7852 ||| READING 3 scrolls labelled MARETRYFEI.
  7860 | D:8      | 7860 ||| INVOKING Heroism.
  7922 | D:8      | Found a shimmering blue altar of Sif Muna.
  7984 | D:8      | Noticed a manticore
  7985 | D:8      | 7985 ||| INVOKING Heroism.
  7994 | D:8      | Killed a manticore
  7995 | D:8      | Reached skill level 13 in Ranged Weapons
  8073 | D:8      | 8073 ||| PLANNING LAIR
  8073 | D:8      | 8073 ||| DROPPING 2 scrolls of torment.
  8116 | Lair:1   | Entered Level 1 of the Lair of Beasts
  8116 | Lair:1   | Noticed a black mamba
  8117 | Lair:1   | 8117 ||| INVOKING Heroism.
  8120 | Lair:1   | Killed a black mamba
  8121 | Lair:1   | Reached XP level 11. HP: 69/69 MP: 11/14
  8167 | Lair:1   | Reached ** piety under Okawaru
  8211 | Lair:1   | Reached skill level 9 in Fighting
  8242 | Lair:1   | 8242 ||| INVOKING Heroism.
  8304 | Lair:1   | 8304 ||| INVOKING Heroism.
  8348 | Lair:1   | 8348 ||| INVOKING Heroism.
  8388 | Lair:1   | 8388 ||| INVOKING Heroism.
  8584 | Lair:1   | 8584 ||| INVOKING Heroism.
  8592 | Lair:1   | Reached skill level 14 in Ranged Weapons
  8712 | Lair:1   | 8712 ||| INVOKING Heroism.
  8718 | Lair:1   | 8718 ||| RETREATING.
  8720 | Lair:1   | 8720 ||| Stepping ~*~*~tactically~*~*~ (retreating).
  8728 | Lair:1   | 8728 ||| Stepping ~*~*~tactically~*~*~ (retreating).
  8729 | Lair:1   | 8729 ||| Stepping ~*~*~tactically~*~*~ (retreating).
  8735 | Lair:1   | 8735 ||| RETREATING.
  8736 | Lair:1   | 8736 ||| Stepping ~*~*~tactically~*~*~ (retreating).
  8936 | Lair:1   | 8936 ||| INVOKING Heroism.
  8947 | Lair:1   | 8947 ||| READING 3 scrolls of identify.
  8947 | Lair:1   | 8947 ||| IDENTIFYING clear potion
  8959 | Lair:1   | 8959 ||| INVOKING Heroism.
  8976 | Lair:1   | Reached skill level 6 in Dodging
  9197 | Lair:1   | 9197 ||| INVOKING Heroism.
  9334 | Lair:1   | 9334 ||| READING 3 scrolls of identify.
  9334 | Lair:1   | 9334 ||| IDENTIFYING pink potion
  9335 | Lair:1   | 9335 ||| READING 2 scrolls of identify.
  9335 | Lair:1   | 9335 ||| IDENTIFYING sapphire potion
  9336 | Lair:1   | 9336 ||| DROPPING potion of lignification.
  9337 | Lair:1   | 9337 ||| DROPPING potion of berserk rage.
  9365 | Lair:2   | 9365 ||| INVOKING Heroism.
  9372 | Lair:2   | 9372 ||| STAIRDANCE
  9401 | Lair:2   | 9401 ||| STAIRDANCE
  9416 | Lair:2   | 9416 ||| STAIRDANCE
  9441 | Lair:2   | 9441 ||| STAIRDANCE
  9449 | Lair:2   | 9449 ||| STAIRDANCE
  9535 | Lair:2   | 9535 ||| RETREATING.
  9536 | Lair:2   | 9536 ||| Stepping ~*~*~tactically~*~*~ (retreating).
  9537 | Lair:2   | 9537 ||| Stepping ~*~*~tactically~*~*~ (retreating).
  9538 | Lair:2   | 9538 ||| Stepping ~*~*~tactically~*~*~ (retreating).
  9539 | Lair:2   | 9539 ||| Stepping ~*~*~tactically~*~*~ (retreating).
  9540 | Lair:2   | 9540 ||| Stepping ~*~*~tactically~*~*~ (retreating).
  9541 | Lair:2   | 9541 ||| Stepping ~*~*~tactically~*~*~ (retreating).
  9545 | Lair:2   | Reached *** piety under Okawaru
  9551 | Lair:2   | 9551 ||| Stepping ~*~*~tactically~*~*~ (retreating).
  9645 | Lair:2   | 9645 ||| SWAPPING to +0 orcbow.
  9647 | Lair:2   | 9647 ||| DROPPING +0 shortbow of flaming.
  9649 | Lair:2   | 9649 ||| INVOKING Heroism.
  9677 | Lair:2   | 9677 ||| INVOKING Heroism.
  9722 | Lair:2   | 9722 ||| INVOKING Heroism.
  9780 | Lair:2   | 9780 ||| INVOKING Heroism.
  9789 | Lair:2   | 9789 ||| RETREATING.
  9798 | Lair:2   | 9798 ||| INVOKING Heroism.
  9801 | Lair:2   | 9801 ||| Stepping ~*~*~tactically~*~*~ (retreating).
  9804 | Lair:2   | 9804 ||| Stepping ~*~*~tactically~*~*~ (retreating).
  9805 | Lair:2   | 9805 ||| Stepping ~*~*~tactically~*~*~ (retreating).
  9806 | Lair:2   | 9806 ||| Stepping ~*~*~tactically~*~*~ (retreating).
  9807 | Lair:2   | 9807 ||| Stepping ~*~*~tactically~*~*~ (retreating).
  9808 | Lair:2   | 9808 ||| Stepping ~*~*~tactically~*~*~ (retreating).
  9815 | Lair:2   | 9815 ||| INVOKING Heroism.
  9818 | Lair:2   | 9818 ||| Stepping ~*~*~tactically~*~*~ (retreating).
  9822 | Lair:2   | 9822 ||| Stepping ~*~*~tactically~*~*~ (retreating).
  9826 | Lair:2   | Reached XP level 12. HP: 72/77 MP: 13/15
  9831 | Lair:2   | 9831 ||| INVOKING Heroism.
  9874 | Lair:2   | 9874 ||| INVOKING Heroism.
  9910 | Lair:2   | Reached skill level 15 in Ranged Weapons
  9942 | Lair:2   | 9942 ||| INVOKING Heroism.
  9963 | Lair:2   | 9963 ||| INVOKING Heroism.
  9986 | Lair:2   | 9986 ||| INVOKING Heroism.
 10368 | Lair:2   | 10368 ||| READING scroll labelled BUB ZAICISI.
 10369 | Lair:2   | 10369 ||| DRINKING 2 lumpy black potions.
 10370 | Lair:2   | 10370 ||| DROPPING potion of attraction.
 10377 | Lair:3   | 10377 ||| Stepping ~*~*~tactically~*~*~ (retreating).
 10378 | Lair:3   | 10378 ||| Stepping ~*~*~tactically~*~*~ (retreating).
 10379 | Lair:3   | 10379 ||| Stepping ~*~*~tactically~*~*~ (retreating).
 10380 | Lair:3   | 10380 ||| Stepping ~*~*~tactically~*~*~ (retreating).
 10381 | Lair:3   | 10381 ||| Stepping ~*~*~tactically~*~*~ (retreating).
 10382 | Lair:3   | 10382 ||| Stepping ~*~*~tactically~*~*~ (retreating).
 10383 | Lair:3   | 10383 ||| Stepping ~*~*~tactically~*~*~ (retreating).
 10390 | Lair:3   | 10390 ||| INVOKING Heroism.
 10414 | Lair:3   | 10414 ||| INVOKING Heroism.
 10602 | Lair:3   | 10602 ||| INVOKING Heroism.
 10606 | Lair:3   | 10606 ||| RETREATING.
 10629 | Lair:3   | Reached skill level 16 in Ranged Weapons
 10633 | Lair:3   | 10633 ||| INVOKING Heroism.
 10663 | Lair:3   | 10663 ||| INVOKING Heroism.
 10680 | Lair:3   | 10680 ||| INVOKING Heroism.
 10702 | Lair:3   | 10702 ||| INVOKING Heroism.
 10728 | Lair:3   | 10728 ||| INVOKING Heroism.
 10732 | Lair:3   | 10732 ||| RETREATING.
 10742 | Lair:3   | 10742 ||| Stepping ~*~*~tactically~*~*~ (retreating).
 10744 | Lair:3   | 10744 ||| Stepping ~*~*~tactically~*~*~ (retreating).
 10746 | Lair:3   | 10746 ||| Stepping ~*~*~tactically~*~*~ (retreating).
 10747 | Lair:3   | 10747 ||| Stepping ~*~*~tactically~*~*~ (retreating).
 10748 | Lair:3   | 10748 ||| Stepping ~*~*~tactically~*~*~ (retreating).
 10750 | Lair:3   | 10750 ||| INVOKING Heroism.
 10964 | Lair:3   | 10964 ||| Stepping ~*~*~tactically~*~*~ (retreating).
 10969 | Lair:3   | 10969 ||| Stepping ~*~*~tactically~*~*~ (retreating).
 10973 | Lair:3   | 10973 ||| Stepping ~*~*~tactically~*~*~ (retreating).
 10976 | Lair:3   | 10976 ||| FLEEEEING.
 10977 | Lair:3   | 10977 ||| FLEEEEING.
 10978 | Lair:3   | 10978 ||| FLEEEEING.
 10979 | Lair:3   | 10979 ||| FLEEEEING.
 10980 | Lair:3   | 10980 ||| FLEEEEING.
 10981 | Lair:3   | 10981 ||| FLEEEEING.
 10987 | Lair:3   | 10987 ||| Stepping ~*~*~tactically~*~*~ (retreating).
 10988 | Lair:3   | 10988 ||| Stepping ~*~*~tactically~*~*~ (retreating).
 10989 | Lair:3   | 10989 ||| Stepping ~*~*~tactically~*~*~ (retreating).
 10990 | Lair:3   | 10990 ||| Stepping ~*~*~tactically~*~*~ (retreating).
 10991 | Lair:3   | 10991 ||| Stepping ~*~*~tactically~*~*~ (retreating).
 10993 | Lair:3   | 10993 ||| Stepping ~*~*~tactically~*~*~ (retreating).
 11035 | Lair:3   | 11035 ||| INVOKING Heroism.
 11037 | Lair:3   | 11037 ||| Stepping ~*~*~tactically~*~*~ (outnumbered).
 11039 | Lair:3   | 11039 ||| RETREATING.
 11045 | Lair:3   | 11045 ||| Stepping ~*~*~tactically~*~*~ (retreating).
 11098 | Lair:3   | 11098 ||| FLEEEEING.
 11099 | Lair:3   | 11099 ||| FLEEEEING.
 11100 | Lair:3   | 11100 ||| FLEEEEING.
 11101 | Lair:3   | 11101 ||| FLEEEEING.
 11181 | Lair:3   | Found a staircase to the Snake Pit.
 11238 | Lair:3   | 11238 ||| RETREATING.
 11246 | Lair:3   | Reached skill level 12 in Fighting
 11246 | Lair:3   | 11246 ||| FLEEEEING.
 11247 | Lair:3   | 11247 ||| FLEEEEING.
 11248 | Lair:3   | 11248 ||| FLEEEEING.
 11249 | Lair:3   | 11249 ||| FLEEEEING.
 11340 | Lair:3   | Reached **** piety under Okawaru
 11356 | Lair:3   | Reached XP level 13. HP: 86/86 MP: 16/16
 11357 | Lair:3   | 11357 ||| INVOKING Heroism.
 11389 | Lair:3   | 11389 ||| INVOKING Heroism.
 11607 | Lair:3   | 11607 ||| INVOKING Heroism.
 11609 | Lair:3   | 11609 ||| RETREATING.
 11611 | Lair:3   | 11611 ||| Stepping ~*~*~tactically~*~*~ (retreating).
 11612 | Lair:3   | 11612 ||| Stepping ~*~*~tactically~*~*~ (retreating).
 11613 | Lair:3   | 11613 ||| Stepping ~*~*~tactically~*~*~ (retreating).
 11629 | Lair:3   | 11629 ||| INVOKING Heroism.
 11708 | Lair:3   | Found a staircase to the Swamp.
 11757 | Lair:3   | 11757 ||| READING scroll labelled VORHAQIXORUMM.
 11827 | Lair:4   | Found a staircase to the Slime Pits.
 11827 | Lair:4   | Found a viscous altar of Jiyva.
 11828 | Lair:4   | 11828 ||| RETREATING.
 11887 | Lair:4   | 11887 ||| RETREATING.
 11893 | Lair:4   | 11893 ||| RETREATING.
 11899 | Lair:4   | 11899 ||| Stepping ~*~*~tactically~*~*~ (retreating).
 11908 | Lair:4   | 11908 ||| INVOKING Heroism.
 12069 | Lair:4   | 12069 ||| INVOKING Heroism.
 12077 | Lair:4   | 12077 ||| Stepping ~*~*~tactically~*~*~ (retreating).
 12091 | Lair:4   | Reached skill level 6 in Invocations
 12096 | Lair:4   | 12096 ||| Stepping ~*~*~tactically~*~*~ (retreating).
 12270 | Lair:4   | 12270 ||| RETREATING.
 12282 | Lair:4   | 12282 ||| Stepping ~*~*~tactically~*~*~ (retreating).
 12283 | Lair:4   | 12283 ||| Stepping ~*~*~tactically~*~*~ (retreating).
 12284 | Lair:4   | 12284 ||| Stepping ~*~*~tactically~*~*~ (retreating).
 12297 | Lair:4   | 12297 ||| INVOKING Heroism.
 12554 | Lair:4   | 12554 ||| INVOKING Heroism.
 12596 | Lair:4   | 12596 ||| RETREATING.
 12603 | Lair:4   | 12603 ||| Stepping ~*~*~tactically~*~*~ (retreating).
 12604 | Lair:4   | 12604 ||| Stepping ~*~*~tactically~*~*~ (retreating).
 12605 | Lair:4   | 12605 ||| Stepping ~*~*~tactically~*~*~ (retreating).
 12608 | Lair:4   | 12608 ||| Stepping ~*~*~tactically~*~*~ (retreating).
 12735 | Lair:4   | Reached ***** piety under Okawaru
 12740 | Lair:4   | 12740 ||| FLEEEEING.
 12749 | Lair:4   | 12749 ||| INVOKING Heroism.
 12784 | Lair:4   | 12784 ||| RETREATING.
 12790 | Lair:4   | 12790 ||| Stepping ~*~*~tactically~*~*~ (retreating).
 12791 | Lair:4   | 12791 ||| Stepping ~*~*~tactically~*~*~ (retreating).
 12792 | Lair:4   | 12792 ||| Stepping ~*~*~tactically~*~*~ (retreating).
 12793 | Lair:4   | 12793 ||| Stepping ~*~*~tactically~*~*~ (retreating).
 12794 | Lair:4   | 12794 ||| Stepping ~*~*~tactically~*~*~ (retreating).
 12991 | Lair:4   | 12991 ||| INVOKING Heroism.
 13001 | Lair:4   | 13001 ||| UPGRADING to +0 pair of boots.
 13026 | Lair:4   | 13026 ||| INVOKING Heroism.
 13033 | Lair:4   | Reached skill level 3 in Armour
 13082 | Lair:4   | 13082 ||| DROPPING +6 ring of strength.
 13125 | Lair:5   | Entered Level 5 of the Lair of Beasts
 13126 | Lair:5   | 13126 ||| INVOKING Heroism.
 13230 | Lair:5   | 13230 ||| RETREATING.
 13262 | Lair:5   | 13262 ||| RETREATING.
 13264 | Lair:5   | 13264 ||| INVOKING Heroism.
 13272 | Lair:5   | 13272 ||| Stepping ~*~*~tactically~*~*~ (retreating).
 13273 | Lair:5   | 13273 ||| Stepping ~*~*~tactically~*~*~ (retreating).
 13287 | Lair:5   | Reached skill level 9 in Dodging
 13338 | Lair:5   | 13338 ||| INVOKING Heroism.
 13389 | Lair:5   | 13389 ||| INVOKING Heroism.
 13403 | Lair:5   | 13403 ||| RETREATING.
 13406 | Lair:5   | 13406 ||| Stepping ~*~*~tactically~*~*~ (retreating).
 13407 | Lair:5   | 13407 ||| Stepping ~*~*~tactically~*~*~ (retreating).
 13408 | Lair:5   | 13408 ||| Stepping ~*~*~tactically~*~*~ (retreating).
 13416 | Lair:5   | Gained mutation: Your large and strong wings let you fly.
                  | [Gargoyle growth]
 13416 | Lair:5   | Reached XP level 14. HP: 78/94 MP: 20/20
 13420 | Lair:5   | Reached skill level 9 in Invocations
 13427 | Lair:5   | 13427 ||| INVOKING Finesse.
 13434 | Lair:5   | HP: 18/94 [death yak (19)]
 13434 | Lair:5   | Slain by a death yak

Levels and vault maps discovered:
D:1:      dpeg_arrival_central, layout_loops_ring, serial_glass,
          glass_columns_a, glass_columns_a, serial_park_tiny_1
D:2:      cheibrodos_old_hovel, layout_basic
D:3:      layout_loops_ring, uniq_robin
D:4:      layout_basic, kennysheep_little_box, fedhas_ov_isle_minmay,
          lemuel_doored_altar, minmay_temple_entry_sparse_star,
          nicolae_ossuary_entry_monument, uniq_pikel
D:5:      layout_cave_pools, mainiacjoe_overflow_alcove_1,
          nicolae_hepliaklqana_monster_ancestors, gammafunk_ghost_gnarly_gnolls,
          lightli_sewer_entry_pipes, kennysheep_big_empty_room, nrook_uturn,
          kennysheep_potato, uniq_prince_ribbit1
D:6:      lemuel_ice_spiral_2, layout_rooms
D:7:      layout_layer_cave, okawaru_trees_1, dk_yredelemnul_ordeal,
          mainiacjoe_overflow_six_doors_small, uniq_menkaure, uniq_joseph
D:8:      layout_gridville, kennysheep_orc_sif_temple,
          erik_lair_orcish_takeover, minmay_microvault, uniq_grum
Temple:   compressed_dpeg_circular_temple
Lair:1:   layout_cave_pods
Lair:2:   layout_misc_corridors
Lair:3:   layout_chaotic_city, nicolae_swamp_entry_splash_gauntlet,
          minmay_snake_entry_six_corridors, minivault_11
Lair:4:   layout_hall_layers, minmay_slime_entry_jelly_boxes,
          chequers_serial_rivers_small_b, minmay_lindwurm_lava,
          serial_bayou_shore_a, grunt_megastairs_2
Lair:5:   hangedman_lair_in_review, layout_cave_pods, guppyfry_lair_end_dragon,
          serial_bayou_shore_b, serial_bayou_shore_b

Skill      XL: |  1  2  3  4  5  6  7  8  9 10 11 12 13 14 |
---------------+-------------------------------------------+-----
Ranged Weapons | 5 6 7 9 11 13 14 16 | 16.0
Fighting       | 3 7 8 10 12 13 | 13.4
Armour         | 1 2 3 |  3.1
Dodging        | 3 4 5 6 7 9 |  9.0
Invocations    | 4 8 9 |  9.0
Stealth        | |  1.1

Action                     |  1- 3 |  4- 6 |  7- 9 | 10-12 | 13-15 || total
---------------------------+-------+-------+-------+-------+-------++-------
   Fire: Shortbow          |    89 |   252 |   454 |   483 |       ||  1278
         Orcbow            |       |       |       |   407 |   489 ||   896
 Invoke: Heroism           |       |       |       |    39 |    15 ||    54
         Finesse           |       |       |       |       |     1 ||     1
    Use: Scroll            |     4 |     7 |     3 |     9 |     1 ||    24
         Potion            |       |     4 |     3 |     2 |       ||     9
 Armour: Leather armour    |    10 |    82 |       |       |       ||    92
         Ring mail         |       |    79 |   118 |       |       ||   197
         Robe              |       |       |    27 |   268 |   104 ||   399
  Dodge: Dodged            |    13 |   152 |   118 |   433 |   190 ||   906

Table legend:
 A = Non-vault XP
 B = Vault XP
 C = Vault XP percentage of total XP
 D = Non-vault monster count
 E = Vault monster count
 F = Vault count percentage of total count
                 A         B        C        D         E       F
            +---------+---------+-------+---------+---------+-------
      Total |   41993 |   13389 |  24.2 |     308 |     109 |  26.1
            +---------+---------+-------+---------+---------+-------
        D:1 |      34 |       0 |   0.0 |      20 |       0 |   0.0
        D:2 |      59 |      18 |  23.4 |      23 |      11 |  32.4
        D:3 |      31 |      18 |  36.7 |      14 |       3 |  17.6
        D:4 |     137 |     663 |  82.9 |      18 |       1 |   5.3
        D:5 |     485 |     346 |  41.6 |      25 |      13 |  34.2
        D:6 |     899 |       0 |   0.0 |      21 |       0 |   0.0
        D:7 |    1257 |     623 |  33.1 |      20 |       3 |  13.0
        D:8 |    2334 |    1960 |  45.6 |      27 |      19 |  41.3
     Lair:1 |    6411 |       0 |   0.0 |      28 |       0 |   0.0
     Lair:2 |    6049 |       0 |   0.0 |      24 |       0 |   0.0
     Lair:3 |   10249 |    3641 |  26.2 |      46 |      11 |  19.3
     Lair:4 |    8732 |    5837 |  40.1 |      30 |      27 |  47.4
     Lair:5 |    5316 |       0 |   0.0 |      12 |       0 |   0.0
      Sewer |       0 |     283 | 100.0 |       0 |      21 | 100.0
            +---------+---------+-------+---------+---------+-------
